 Dungeon Crawl Stone Soup version 0.17-a0-1046-ga09e34d (webtiles) character file.

1829 namelastname112 the Cleaver (level 8, 0/71 HPs)
             Began as a Yellow Draconian Berserker on May 15, 2015.
             Was a High Priest of Trog.
             Slain by namelastname112's ghost (1 damage)
             ... on level 7 of the Dungeon.
             The game lasted 00:11:22 (7262 turns).

namelastname112 the Cleaver (DrBe)                  Turns: 7262, Time: 00:11:23

Health: 0/71       AC:  6    Str: 20    XL:     8   Next: 86%
Magic:  8/8        EV: 14    Int:  7    God:    Trog [*****.]
Gold:   184        SH:  0    Dex: 13    Spells: 0 memorised, 7 levels left

rFire  + . .     SeeInvis .     a - +0 hand axe
rCold  . . .     Clarity  .     (armour unavailable)
rNeg   . . .     SustAb   .     (no shield)
rPois  .         Gourm    .     g - +0 hat
rElec  .         Spirit   .     (no cloak)
rCorr  +         Warding  .     (no gloves)
rMut   .         Stasis   .     (no boots)
MR     ++...                    (no amulet)
Stlth  +.........               (no ring)
                                k - ring of protection from fire

@: exhausted, regenerating, slowed, heavily drained, very slow, very resistant
to hostile enchantments, very unstealthy
A: spit acid, acid resistance, unfitting armour, hooves 1, cold-blooded, subdued
magic 1, AC +6
a: Spit Acid, Burn Spellbooks, Berserk, Trog's Hand, Brothers in Arms, Renounce
Religion


You were on level 7 of the Dungeon.
You worshipped Trog.
Trog was extremely pleased with you.
You were very hungry.

You visited 1 branch of the dungeon, and saw 7 of its levels.

You collected 271 gold pieces.
You spent 87 gold pieces at shops.

Inventory:

Hand weapons
 a - a +0 hand axe (weapon)
Armour
 g - a +0 hat (worn)
Jewellery
 k - a ring of protection from fire (left hand)
 y - an uncursed amulet of stasis
Magical devices
 s - a wand of frost (8)
 A - a wand of frost (17)
Scrolls
 e - 2 scrolls of fog
 f - 3 scrolls of immolation
 j - a scroll of teleportation
 p - 2 scrolls of enchant weapon {unknown}
 v - 2 scrolls of identify {unknown}
 w - a scroll of blinking {unknown}
 z - a scroll of random uselessness {unknown}
 B - a scroll of amnesia {unknown}
Potions
 c - 3 potions of might {unknown}
 d - 3 potions of curing
 h - a potion of magic {unknown}
 i - 3 potions of haste {unknown}
 l - a potion of heal wounds {unknown}
 q - 2 potions of mutation {unknown}
 r - a potion of flight {unknown}
 t - a potion of brilliance {unknown}
 x - a potion of cancellation {unknown}
 C - a potion of poison {unknown}
Comestibles
 b - 4 bread rations
 m - a fruit
 n - a slice of pizza
 o - a royal jelly
 u - a meat ration


   Skills:
 + Level 6.9(5.1) Fighting
 * Level 8.8(6.9) Axes
 + Level 5.9(4.1) Dodging


You had 7 spell levels left.
You didn't know any spells.

Dungeon Overview and Level Annotations

Branches:
Dungeon (7/15)
 Temple: D:4-7

Altars:
Ashenzari
Fedhas
Makhleb
Qazlal
Ru
Vehumet
Yredelemnul
Zin

Shops:
D:6 *

Annotations:
D:7 namelastname112's ghost, experienced DrHu


Innate Abilities, Weirdness & Mutations

You can spit globs of acid.
You are resistant to acid.
Your golden yellow scales are hard (AC +6).
Your body does not fit into most forms of armour.
You are cold-blooded and may be slowed by cold attacks.
You have large cloven feet.
Your spells are a little easier to cast, but a little less powerful.


Message History

Namelastname112's ghost hits you.
* * * LOW HITPOINT WARNING * * *
Unknown command.
Drink which item? (? for menu, Esc to quit)
It was a potion of curing.
You feel better.
Namelastname112's ghost hits you but does no damage.
Namelastname112's ghost misses you.
You closely miss namelastname112's ghost.
Your kick misses namelastname112's ghost.
Your tail-slap misses namelastname112's ghost.
Namelastname112's ghost is almost destroyed.
You feel the effects of Trog's Hand fading.
Namelastname112's ghost hits you.
You barely miss namelastname112's ghost.
Namelastname112's ghost is almost destroyed.
Namelastname112's ghost breathes negative energy at you.
The bolt of negative energy hits you!
You feel drained.
* * * LOW HITPOINT WARNING * * *
Namelastname112's ghost hits you.
You die...

#. #.####.##.#
###.#####.####.#..#
...............#.##
%.....##.######.#
#.##.##.# #.#
#.......# #.#
#.##.#### #.# #.
#W# #.# #. #.# #@#
(. #.# #W# .. #.#
#.# ...
#.#########.# ...
#.....W.....#
#############


You could see namelastname112's ghost.

Vanquished Creatures
  Sigmund (D:3)
  Edmund (D:4)
  2 centaurs (D:6)
  2 ogres
  A phantom (D:6)
  2 sky beasts (D:5)
  3 giant frogs
  A quasit (D:6)
  2 orc wizards (D:3)
  2 hounds
  An iguana (D:6)
  2 orc priests
  A giant frog skeleton (D:6)
  7 worker ants
  Natasha (thrice) (D:2)
  A hound skeleton (D:6)
  Robin (D:3)
  7 gnolls
  10 adders
  An ooze (D:5)
  2 adder zombies
  2 worms
  3 giant geckos
  9 orcs
  4 ball pythons
  12 bats
  3 bat skeletons
  2 giant cockroaches
  17 hobgoblins
  18 kobolds
  4 quokkas
  A giant gecko skeleton (D:4)
  6 giant newts
  19 goblins
  A jackal zombie (D:6)
  A quokka zombie (D:5)
  18 rats
173 creatures vanquished.

Notes
Turn   | Place    | Note
--------------------------------------------------------------
     0 | D:1      | namelastname112 the Draconian Berserker began the quest for the Orb.
     0 | D:1      | Reached XP level 1. HP: 19/19 MP: 1/1
   189 | D:1      | Reached XP level 2. HP: 23/26 MP: 2/2
   660 | D:2      | Found a blossoming altar of Fedhas.
   663 | D:2      | Noticed Natasha
   672 | D:2      | Killed Natasha
   672 | D:2      | Acquired Trog's second power
   672 | D:2      | Reached XP level 3. HP: 15/33 MP: 3/3
   897 | D:2      | Noticed Natasha
   905 | D:2      | Killed Natasha
   905 | D:2      | Reached skill level 4 in Axes
   996 | D:2      | Noticed Natasha
  1016 | D:2      | Killed Natasha
  1269 | D:2      | Reached XP level 4. HP: 38/40 MP: 4/4
  2034 | D:3      | Noticed Robin
  2056 | D:3      | Killed Robin
  2201 | D:3      | Reached XP level 5. HP: 36/46 MP: 5/5
  2329 | D:3      | Reached skill level 5 in Axes
  2386 | D:3      | Noticed Sigmund
  2457 | D:3      | Killed Sigmund
  2457 | D:3      | Reached XP level 6. HP: 46/53 MP: 6/6
  2457 | D:3      | Acquired Trog's third power
  2614 | D:4      | Found a sand-covered staircase.
  2947 | D:4      | Reached skill level 6 in Axes
  3560 | D:4      | Noticed Edmund
  3571 | D:4      | Killed Edmund
  3571 | D:4      | Reached skill level 5 in Fighting
  3571 | D:4      | Your scales start taking on a golden yellow colour.
  3571 | D:4      | Reached XP level 7. HP: 61/61 MP: 7/7
  3820 | D:4      | Found a stormy altar of Qazlal.
  3822 | D:4      | Found a glowing silver altar of Zin.
  3826 | D:4      | Found a shattered altar of Ashenzari.
  3827 | D:4      | Found a radiant altar of Vehumet.
  3828 | D:4      | Found a basalt altar of Yredelemnul.
  3829 | D:4      | Found a sacrificial altar of Ru.
  3830 | D:4      | Found a burning altar of Makhleb.
  4145 | D:5      | Entered Level 5 of the Dungeon
  4262 | D:5      | Reached skill level 7 in Axes
  4262 | D:5      | Reached skill level 5 in Dodging
  4266 | D:5      | Gained mutation: You have large cloven feet. [mutagenic meat]
  4267 | D:5      | Gained mutation: Your spells are a little easier to cast, but a little less powerful. [mutagenic meat]
  4466 | D:5      | Reached XP level 8. HP: 57/70 MP: 8/8
  5157 | D:6      | Found Ocoegagg's Assorted Antiques.
  5176 | D:6      | Bought a fizzy sapphire potion for 29 gold pieces
  5176 | D:6      | Bought a black potion for 29 gold pieces
  5176 | D:6      | Bought a bubbling coppery potion for 29 gold pieces
  5874 | D:6      | Reached skill level 8 in Axes
  7203 | D:7      | Noticed namelastname112's ghost (experienced DrHu)
  7262 | D:7      | HP: 1/71 [namelastname112's ghost/bolt of negative energy (25)]
  7262 | D:7      | Slain by namelastname112's ghost

Vault maps used:
D:1:      sevenhm_arrival_forest_fort_large_1
D:2:      fedhas_altar_3, uniq_natasha
D:3:      first_bread, uniq_sigmund, uniq_robin
D:4:      minitemple, nicolae_ossuary_entry_ruins, patterned_corridor,
          uniq_edmund
D:5:      st_stairs_4, corner_web_ring
D:6:      serial_shops, shop
D:7:      minmay_temple_entry_trees, serial_shops, shop_statue

Action                   |  1- 3 |  4- 6 |  7- 9 || total
-------------------------+-------+-------+-------++-------
Melee: Hand axe          |   126 |   215 |   383 ||   724
Invok: Berserk           |     2 |     6 |     5 ||    13
       Burn Spellbooks   |       |       |     1 ||     1
       Trog's Hand       |       |       |     1 ||     1
Evoke: Wand              |       |       |     6 ||     6
  Use: Scroll            |       |     4 |       ||     4
       Potion            |       |       |     2 ||     2
 Stab: Sleeping          |       |     2 |       ||     2
  Eat: Chunk             |     3 |    12 |    19 ||    34
       Fruit             |       |       |     1 ||     1
